 Dungeon Crawl Stone Soup version 0.18.1-8-gdd0e5ea (webtiles) character file.

6038 nikopol the Cleaver (level 10, -3/90 HPs)
             Began as a Hill Orc Berserker on May 29, 2016.
             Was a High Priest of Trog.
             Slain by a komodo dragon (9 damage)
             ... on level 1 of the Lair of Beasts.
             The game lasted 00:26:41 (10895 turns).

nikopol the Cleaver (Hill Orc Berserker)           Turns: 10895, Time: 00:26:42

Health: -3/90      AC: 15    Str: 21    XL:     10   Next: 86%
Magic:  10/10      EV: 13    Int:  7    God:    Trog [*****.]
Gold:   526        SH:  0    Dex: 13    Spells: 0 memorised, 9 levels left

rFire  . . .     SeeInvis .     n - +0 war axe (venom) (curse)
rCold  + . .     Gourm    .     y - +0 ring mail (curse)
rNeg   . . .     Faith    .     (no shield)
rPois  .         Spirit   .     (no helmet)
rElec  .         Dismiss  .     (no cloak)
rCorr  .         Reflect  .     x - +2 pair of gloves
SustAt .         Harm     .     (no boots)
MR     .....                    (no amulet)
Stlth  +.........               v - ring of protection from cold
                                e - +5 ring of protection (curse)

@: exhausted, not resistant to hostile enchantments, very unstealthy
A: no striking features
a: Berserk, Trog's Hand, Brothers in Arms, Burn Spellbooks, Renounce Religion


You were on level 1 of the Lair of Beasts.
You worshipped Trog.
Trog was extremely pleased with you.
You were not hungry.

You visited 2 branches of the dungeon, and saw 10 of its levels.

You collected 526 gold pieces.

Inventory:

Hand Weapons
 a - a +0 hand axe
 n - a cursed +0 war axe of venom (weapon)
 C - a +3 hand axe
 H - a +0 hand axe of electrocution
Missiles
 D - 3 poisoned tomahawks (quivered)
 N - 6 tomahawks
Armour
 b - a +0 animal skin
 m - a +0 leather armour
 x - a +2 pair of gloves (worn)
 y - a cursed +0 ring mail (worn)
Jewellery
 e - a cursed +5 ring of protection (left hand)
 v - a ring of protection from cold (right hand)
 R - an uncursed ring of protection from fire {unknown}
Wands
 z - a wand of iceblast (7/15)
 G - a wand of digging (10/24)
 L - a wand of disintegration (10/24)
 O - a wand of random effects (11/48)
Scrolls
 d - 5 scrolls of teleportation {unknown}
 f - 10 scrolls of identify {unknown}
 j - 2 scrolls of random uselessness {unknown}
 k - 7 scrolls of remove curse {unknown}
 l - 2 scrolls of magic mapping {unknown}
 o - 4 scrolls of noise {unknown}
 p - a scroll of enchant weapon {unknown}
 q - 3 scrolls of fog {unknown}
 s - 2 scrolls of immolation {unknown}
 u - 2 scrolls of blinking {unknown}
 w - 4 scrolls of amnesia {unknown}
 J - a scroll of recharging {unknown}
 Q - 2 scrolls of enchant armour {unknown}
Potions
 g - a potion of flight {unknown}
 i - 5 potions of curing {unknown}
 r - a potion of resistance {unknown}
 t - 2 potions of brilliance {unknown}
 A - 2 potions of degeneration {unknown}
 B - a potion of ambrosia {unknown}
 E - 3 potions of heal wounds {unknown}
 F - 4 potions of lignification {unknown}
 I - a potion of berserk rage {unknown}
 K - a potion of magic {unknown}
 M - a potion of might {unknown}
Comestibles
 c - 7 bread rations
 h - 3 meat rations


   Skills:
 + Level 8.9 Fighting
 * Level 12.3 Axes
 + Level 5.6 Throwing
 + Level 7.7 Armour
 + Level 5.6 Dodging


You had 9 spell levels left.
You didn't know any spells.

Dungeon Overview and Level Annotations

Branches:
Dungeon (9/15)             Temple (0/1) D:7            Lair (1/8) D:9
    Orc: D:9-12

Altars:
Ashenzari
Kikubaaqudgha
Ru
Trog

Annotations:
Lair:1 exclusion: oklob plant


Message History

You are too injured to fight recklessly!
You barely miss the komodo dragon.
The komodo dragon is severely wounded.
You barely miss the river rat.
The river rat is heavily wounded.
You slash the river rat!
You kill the river rat!
Trog accepts your kill.
You kill the river rat!
Trog accepts your kill.
The komodo dragon bites you but does no damage. x2
You hit the komodo dragon but do no damage.
The komodo dragon looks even sicker.
The komodo dragon is severely wounded.
You feel yourself speed up. The komodo dragon barely misses you.
You hit the komodo dragon but do no damage.
The komodo dragon is severely wounded.
The komodo dragon bites you!
You die...

...##. .#..#.#
.....#>##
......(.##### #
.P....(.÷...##.##..
.......<##)........
..#...##...........
......#.††.........
.........@l........
........††.........
.##.#P....###..##..
........# ...#..
...#....# ...#
.....$... ..... .
....... .P.
........


You could see a komodo dragon.

Vanquished Creatures
  Nergalle (Lair:1)
  Pikel (D:7)
  A spiny frog (Lair:1)
  The ghost of zeroDi the Sneak, an amateur VSAs (D:5)
  The ghost of nikopol the Chopper, an amateur HOBe of Trog (D:3)
  A hungry ghost (D:8)
  3 hippogriffs
  Duvessa (D:7)
  3 slaves (D:7)
  3 black bears
  A phantom (D:9)
  4 ogres
  3 ice beasts
  A centaur (D:8)
  3 big kobolds
  5 giant frogs
  3 scorpions
  A wyvern skeleton (D:7)
  Dowan (D:7)
  5 killer bees (D:8)
  8 wights
  3 howler monkeys
  4 crimson imps
  3 giant frog zombies
  3 hounds
  A jelly (D:5)
  5 orc priests
  8 orc wizards
  A centaur skeleton (D:5)
  An iguana (D:8)
  10 worker ants
  A killer bee zombie (D:8)
  A hound skeleton (D:3)
  A worker ant zombie (D:5)
  11 gnolls
  8 adders
  8 river rats (Lair:1)
  2 shadow imps
  An ooze (D:4)
  An adder skeleton (D:7)
  2 adder zombies (D:9)
  5 worms
  7 giant geckos
  25 orcs
  6 giant cockroaches
  5 goblins
  7 hobgoblins
  2 jackals (D:5)
  21 kobolds
  4 quokkas
  4 ball pythons
  6 bats
  A giant gecko skeleton (D:4)
  4 giant newts
  6 rats
  8 fungi (D:9)
237 creatures vanquished.

Vanquished Creatures (others)
  An orc wizard (D:5)
  An adder (D:5)
  4 orcs (D:5)
  A fungus (Lair:1)
7 creatures vanquished.

Grand Total: 244 creatures vanquished

Notes
Turn   | Place    | Note
--------------------------------------------------------------
     0 | D:1      | nikopol the Hill Orc Berserker began the quest for the Orb.
     0 | D:1      | Reached XP level 1. HP: 19/19 MP: 1/1
   233 | D:1      | Reached XP level 2. HP: 6/27 MP: 2/2
   654 | D:1      | Reached XP level 3. HP: 20/33 MP: 3/3
   781 | D:1      | Found a shattered altar of Ashenzari.
  1608 | D:2      | Reached ** piety under Trog
  1727 | D:2      | Reached XP level 4. HP: 32/40 MP: 4/4
  2341 | D:3      | Found a sacrificial altar of Ru.
  2379 | D:3      | Reached skill level 5 in Axes
  2379 | D:3      | Reached XP level 5. HP: 35/47 MP: 5/5
  2618 | D:3      | Found an ancient bone altar of Kikubaaqudgha.
  2956 | D:3      | Noticed nikopol's ghost (amateur HOBe)
  2975 | D:3      | Killed nikopol's ghost
  2975 | D:3      | Reached skill level 6 in Axes
  2975 | D:3      | Reached skill level 1 in Throwing
  2975 | D:3      | Reached XP level 6. HP: 34/55 MP: 6/6
  3378 | D:4      | Reached skill level 5 in Fighting
  4086 | D:4      | Reached XP level 7. HP: 35/61 MP: 7/7
  4225 | D:4      | Found a bloodstained altar of Trog.
  4767 | D:4      | Reached *** piety under Trog
  5078 | D:5      | Entered Level 5 of the Dungeon
  5111 | D:5      | Reached skill level 7 in Axes
  5435 | D:5      | Noticed zeroDi's ghost (amateur VSAs)
  5441 | D:5      | Killed zeroDi's ghost
  5820 | D:5      | Reached XP level 8. HP: 59/70 MP: 8/8
  6210 | D:6      | Reached skill level 8 in Axes
  6212 | D:6      | Reached **** piety under Trog
  6592 | D:6      | Reached skill level 5 in Armour
  7251 | D:7      | Found a staircase to the Ecumenical Temple.
  7354 | D:7      | Noticed Duvessa
  7354 | D:7      | Noticed Dowan
  7363 | D:7      | Killed Dowan
  7373 | D:7      | Killed Duvessa
  7373 | D:7      | Reached skill level 9 in Axes
  7626 | D:7      | Reached XP level 9. HP: 63/78 MP: 9/9
  7705 | D:7      | Noticed Pikel
  7727 | D:7      | Killed Pikel
  8019 | D:7      | Reached skill level 10 in Axes
  9094 | D:8      | Received a gift from Trog
  9112 | D:8      | Reached skill level 11 in Axes
  9112 | D:8      | Reached XP level 10. HP: 81/88 MP: 10/10
  9206 | D:8      | Reached skill level 5 in Dodging
  9548 | D:8      | Received a gift from Trog
  9699 | D:9      | Reached skill level 5 in Throwing
 10096 | D:9      | Found a staircase to the Lair.
 10625 | Lair:1   | Entered Level 1 of the Lair of Beasts
 10625 | Lair:1   | Noticed an oklob plant
 10625 | Lair:1   | Noticed a spiny frog
 10641 | Lair:1   | Killed a spiny frog
 10641 | Lair:1   | Reached skill level 12 in Axes
 10844 | Lair:1   | Noticed Nergalle
 10858 | Lair:1   | Killed Nergalle
 10893 | Lair:1   | Reached ***** piety under Trog
 10895 | Lair:1   | Slain by a komodo dragon

Skill      XL: |  1  2  3  4  5  6  7  8  9 10 |
---------------+-------------------------------+-----
Fighting       | 4 5 6 8 |  8.9
Dodging        | 2 3 4 5 |  5.6
Armour         | 3 4 5 6 7 |  7.7
Axes           | 5 6 7 9 11 12 | 12.3
Throwing       | 1 2 3 4 5 |  5.6

Action                   |  1- 3 |  4- 6 |  7- 9 | 10-12 || total
-------------------------+-------+-------+-------+-------++-------
Melee: Hand axe          |    97 |   182 |   377 |   152 ||   808
       War axe           |       |       |       |    55 ||    55
Throw: Javelin           |       |    32 |    22 |    11 ||    65
       Tomahawk          |       |       |    44 |    38 ||    82
Invok: Berserk           |       |     2 |     5 |     1 ||     8
       Burn Spellbooks   |       |       |     3 |       ||     3
 Stab: Sleeping          |       |     1 |       |       ||     1
  Eat: Royal jelly       |     1 |       |       |       ||     1
       Chunk             |       |    10 |    21 |     4 ||    35
       Pizza             |       |       |     1 |       ||     1
       Bread ration      |       |       |       |     1 ||     1
       Fruit             |       |       |       |     1 ||     1
Armor: Animal skin       |    15 |       |       |       ||    15
       Leather armour    |     2 |    30 |       |       ||    32
       Ring mail         |       |       |    91 |    75 ||   166
Dodge: Dodged            |    68 |    90 |   181 |   121 ||   460
